 Dungeon Crawl Stone Soup version 0.22-a0-612-gd2f0174 (webtiles) character file.

70 iamserjio the Chopper (level 4, -1/42 HPs)
             Began as a Naga Berserker on July 11, 2018.
             Was a Follower of Trog.
             Slain by an orc
             ... wielding a +0 mace
              (2 damage)
             ... on level 3 of the Dungeon.
             The game lasted 00:02:24 (293 turns).

iamserjio the Chopper (Naga Berserker)               Turns: 293, Time: 00:02:25

Health: -1/42      AC:  2    Str: 19    XL:     4   Next: 21%
Magic:  4/4        EV: 10    Int:  9    God:    Trog [*.....]
Gold:   11         SH:  0    Dex: 10    Spells: 3/3 levels left

rFire    . . .     SeeInvis +   a - +0 hand axe
rCold    . . .     Gourm    .   (no shield)
rNeg     . . .     Faith    .   b - +0 animal skin
rPois    +         Spirit   .   (no helmet)
rElec    .         Reflect  .   (no cloak)
rCorr    .         Harm     .   (no gloves)
MR       .....                  (no barding)
Stlth    +.........             (no amulet)
HPRegen  0.14/turn              (no ring)
MPRegen  0.09/turn              (no ring)

@: confused, berserk cooldown, slowed, very slow
A: large, see invisible, deformed body, poison resistance, slowness 2, slow
metabolism 1, spit poison 1, AC +1
a: Spit Poison, Berserk, Renounce Religion


You were on level 3 of the Dungeon.
You worshipped Trog.
Trog was aware of your devotion.
You were not hungry.

You visited 1 branch of the dungeon, and saw 3 of its levels.

You collected 11 gold pieces.

Inventory:

Hand Weapons
 a - a +0 hand axe (weapon)
Armour
 b - a +0 animal skin (worn)
Comestibles
 c - 4 rations


   Skills:
 + Level 3.4 Fighting
 * Level 3.9 Axes
 + Level 2.1 Armour
 - Level 1.5 Dodging
 + Level 2.3 Stealth


You had 3 spell levels left.
You didn't know any spells.
Your spell library was empty.

Dungeon Overview and Level Annotations

Branches:
Dungeon (3/15)

Altars:


Innate Abilities, Weirdness & Mutations

You cannot wear boots.
Your serpentine skin is tough. (AC +1)
You have supernaturally acute eyesight. (SInv)
Armour fits poorly on your strangely shaped body.
Your system is resistant to poisons. (rPois)
You cover ground very slowly.
You have a slow metabolism.
You can spit poison.


Message History

The orc wizard casts a spell at you. The magic dart hits you!
* * * LOW HITPOINT WARNING * * *
You hit the orc wizard.
The orc wizard is severely wounded.
You hit the orc but do no damage. The orc closely misses you.
The orc wizard closely misses you. The orc hits you with a mace.
* * * LOW HITPOINT WARNING * * *
You barely miss the orc wizard.
The orc wizard is severely wounded.
You hit the orc. The orc wizard barely misses you. The orc closely misses you.
The orc wizard points at you and mumbles some strange words.
You are confused.
You barely miss the orc wizard.
The orc wizard is severely wounded.
You miss the orc. The orc closely misses you.
The orc wizard hits you with a dagger.
* * * LOW HITPOINT WARNING * * *
The orc hits you with a mace.
You die...

...#####.##......#
#. #.##......# #.#
......#
#####.###..###
#......†#..#
#..........#
#.....)..#.#
#.....o..# #
#.....)@##
###.#.#o#
#.#.))).#
#.#.#...# #.#.#.#
#.#.#.( ........
..#.# ... ... ....


You could see an orc wizard (invisible) and an orc.

Vanquished Creatures
  An orc priest (D:3)
  2 oozes
  A dart slug (D:1)
  7 orcs (D:3)
  2 hobgoblins
  5 bats
  2 frilled lizards (D:1)
  3 kobolds
  2 rats (D:1)
25 creatures vanquished.

Notes
Turn   | Place    | Note
-------+----------+-------------------------------------------
     0 | D:1      | iamserjio the Naga Berserker began the quest for the Orb.
     0 | D:1      | Reached XP level 1. HP: 21/21 MP: 1/1
    60 | D:1      | Reached XP level 2. HP: 22/28 MP: 2/2
    81 | D:1      | Reached skill level 1 in Stealth
   271 | D:3      | Reached XP level 3. HP: 25/34 MP: 3/3
   278 | D:3      | Reached XP level 4. HP: 21/42 MP: 4/4
   293 | D:3      | HP: 1/42 [orc wizard/dagger (4)]
   293 | D:3      | Slain by an orc

Vault maps used:
D:1:      ncdulo_lavacross, minivault_24, palyth_stone_intersect,
          minmay_pentomino_o2
D:2:      first_ration
D:3:      uniq_ijyb

Skill      XL: |  1  2 |
---------------+-------+-----
Stealth        | 2 |  2.3
Armour         | 2 |  2.1
Fighting       | |  3.4
Axes           | |  3.9
Dodging        | |  1.5

Action                   |  1- 3 |  4- 6 || total
-------------------------+-------+-------++-------
Melee: Hand axe          |    44 |    10 ||    54
Invok: Berserk           |     1 |       ||     1
 Abil: Spit Poison       |       |     1 ||     1
Armor: Animal skin       |     6 |     1 ||     7
Dodge: Dodged            |    30 |    11 ||    41

Table legend:
 A = Spawn XP
 B = Non-spawn XP
 C = Spawn XP percentage of total XP
 D = Spawn monster count
 E = Non-spawn monster count
 F = Spawn count percentage of total count
 G = Total turns spent on level
                    A         B        C        D         E        F      G
               +---------+---------+-------+---------+---------+-------+---------
         Total |       0 |     100 |   0.0 |       0 |      25 |   0.0 |   293
               +---------+---------+-------+---------+---------+-------+---------
           D:1 |       0 |      21 |   0.0 |       0 |      11 |   0.0 |   180
           D:2 |       0 |       1 |   0.0 |       0 |       1 |   0.0 |    58
           D:3 |       0 |      78 |   0.0 |       0 |      13 |   0.0 |    55
               +---------+---------+-------+---------+---------+-------+---------
